cohdb
Replays
Latest Replays
All Replays
Popular Replays
Top Player Replays
Match Explorer
How It Works
Community
CoH3 Stats
Reddit
Sign in to upload your games and track your stats! →
Sign in with Steam
Match 42145484
Unlisted
Match 42145484
Overview
Messages
Build Orders
End
Construct Infanterie Kompanie
Kettenkrad Recon Vehicle
Selects Breakthrough Battlegroup
Selects Breakthrough Battlegroup
Selects Breakthrough Battlegroup
MG 42 Machine Gun Team
Selects Assault Grenadiers
Grenadier Squad
MG 42 Machine Gun Team
GrW 34 Mortar Team
Grenadier Squad
Construct Panzergrenadier Kompanie
251 Medium Carrier
Selects Rapid Production
Selects Smoke Bombing Run
MG 42 Bunker
MG 42 Machine Gun Team
Joa
Revolution
Valdai
Sailor
Mochi_flamer
kingkendji99
Some_Devil
Hello
0
0
Comments
sign in to comment!
No comments posted yet!